 Dungeon Crawl Stone Soup version 0.29.1-1-gd02db6906a (webtiles) character file.

Game seed: 4588244522774342219

3 lonewolfV2 the Insei (level 1, -1/17 HPs)
             Began as a Djinni Transmuter on Oct 17, 2022.
             Slain by a gnoll
             ... wielding a +0 flail
              (8 damage)
             ... on level 1 of the Dungeon.
             The game lasted 00:00:24 (427 turns).

lonewolfV2 the Insei (Djinni Transmuter)             Turns: 427, Time: 00:00:25

Health: -1/17      AC:  2    Str:  9    XL:     1   Next: 55%
Gold:   12         EV: 12    Int: 14    God:
                   SH:  0    Dex: 13

rFire   + + .      SeeInvis .     - Unarmed
rCold   x . .      Faith    .   (no shield)
rNeg    . . .      Spirit   .   a - +0 robe
rPois   ∞          Reflect  .   (helmet currently unavailable)
rElec   .          Harm     .   (no cloak)
rCorr   .          Rampage  .   (no gloves)
Will    .....                   (boots unavailable)
Stlth   +.........              (no amulet)
HPRegen 0.05/turn               (no ring)
MPRegen 0.00/turn               (no ring)

@: appendages, flying
A: horns 2, flying, sickness immunity, fire resistance 2, cold vulnerability 1,
float, innate caster, HP casting, extra vitality 1
a: End Transformation


You were on level 1 of the Dungeon.
You had temporarily grown beastly horns.
You visited 1 branch of the dungeon, and saw 1 of its levels.

You collected 12 gold pieces.

Inventory:

Armour
 a - a +0 robe (worn)
Potions
 b - a potion of lignification


   Skills:
 + Level 1.1 Fighting
 + Level 2.2 Dodging
 + Level 3.0 Unarmed Combat
 + Level 1.6 Spellcasting


You couldn't memorise any spells.
You knew the following spells:

 Your Spells              Type           Power      Damage    Failure   Level
a - Beastly Appendage     Tmut           10%        N/A       13%         1
b - Wereblood             Tmut           5%         N/A       19%         2
c - Spider Form           Tmut/Pois      5%         N/A       36%         3
d - Ice Form              Ice/Tmut       5%         N/A       77%         4
Your spell library was empty.

Dungeon Overview and Level Annotations

Branches:
Dungeon (1/15)

Altars:


Innate Abilities, Weirdness & Mutations

You have temporarily grown beastly horns.
You are flying.
You are immune to sickness and miasma.
You are immune to poison.
Your flesh is very heat resistant. (rF++)
You are vulnerable to cold. (rC-)
You float through the air rather than walking.
You learn spells naturally, not from books.
Your magical power is your life essence.
You have superior vitality. (+4 MHP)


Message History

The jackal barely misses you.
You closely miss the jackal. You headbutt the jackal.
You kill the jackal!
The jackal barely misses you.
You closely miss the jackal. You headbutt the jackal.
You kill the jackal!
You hit the goblin.
You kill the goblin!
Your horns disappear.
Things that are here:
a +0 club; a jackal corpse You start resting.
HP restored.
You start waiting.
Done waiting.
You start waiting.
Done waiting.
Casting: Beastly Appendage (safe; 13% risk of failure)
Confirm with . or Enter, or press ? or * to list all spells.
Okay, then.
Found 6 atropa-tipped darts.
You see here 6 atropa-tipped darts.
A dart slug and a gnoll come into view.
The gnoll shouts!
You hear a shout!
A giant cockroach comes into view.
A kobold comes into view. It is wielding a +0 dagger.
A hobgoblin comes into view.
A quokka comes into view.
The dart slug moves out of view.
There are monsters nearby!
Welcome back, lonewolfV2 the Djinni Transmuter.
Press ? for a list of commands and other information.
A giant cockroach comes into view.
Cast which spell? (? or * to list)
You grow a pair of large bovine horns.
The kobold shouts!
The gnoll hits you with a +0 flail!
You barely miss the gnoll. Your headbutt misses the gnoll.
The gnoll hits you with a +0 flail.
You hit the gnoll but do no damage. The gnoll hits you with a +0 flail!
You die... .......... ........ ....... ..?.. ######## KBr. #####.....). #gw

###.......####
#B###......###....
#g##....###.......
#@##...#.)....####
#.#...#.....###
#.....#....##
#.#...#....##
#.#...#.....###
#.##...#....<.####
#..#....###.......
##.##......###....
. ###.......####


You could see a gnoll, a dart slug, a quokka, 2 giant cockroaches, a hobgoblin
and a kobold.

Vanquished Creatures
  2 jackals (D:1)
  A goblin (D:1)
3 creatures vanquished.

Notes
Turn   | Place    | Note
-------+----------+-------------------------------------------
     0 | D:1      | lonewolfV2 the Djinni Transmuter began the quest for the
                  | Orb.
     0 | D:1      | lonewolfV2 set off with the following spells memorised:
                  | Beastly Appendage, Wereblood, Spider Form, Ice Form.
     0 | D:1      | Reached XP level 1. HP: 17/17 MP: 0/0
   427 | D:1      | Slain by a gnoll

Illustrated notes

Levels and vault maps discovered:
D:1:      dpeg_arrival_oval, layout_rooms, ebering_ecumenical_altar_sacrificial

Action                   || total
-------------------------++-------
Melee: Unarmed           ||    12
       Headbutt          ||     2
       Punch             ||     1
 Cast: Beastly Appendage ||     2
Armor: Robe              ||     1
Dodge: Dodged            ||     6
